 Dungeon Crawl Stone Soup version 0.30.1-4-g462c640d31 (webtiles) character file.

Game seed: 16881445118453920252

41 Almogavar the Protected (level 3, -4/31 HPs)
             Began as a Gnoll Wanderer on Sept 17, 2023.
             Slain by Terence
             ... wielding a +2 flail of protection
              (8 damage)
             ... on level 2 of the Dungeon.
             The game lasted 00:02:49 (917 turns).

Almogavar the Protected (Gnoll Wanderer)             Turns: 917, Time: 00:02:50

Health: -4/31      AC:  8    Str: 18    XL:     3   Next: 52%
Magic:  4/4        EV: 10    Int:  9    God:
Gold:   98         SH:  0    Dex:  8    Spells: 3/3 levels left

rFire   . . .        a - +2 hand axe
rCold   . . .        (no shield)
rNeg    . . .        c - +0 scale mail
rPois   .            (no helmet)
rElec   .            (no cloak)
rCorr   .            (no gloves)
SInv    .            (no boots)
Will    .....        (no amulet) Stlth
                     (no ring)
HPRegen 0.25/turn    (no ring)
MPRegen 0.09/turn

%: no passive effects
@: no status effects
A: fangs 1, strong nose, distributed training
a: no special abilities


You were on level 2 of the Dungeon.
You visited 1 branch of the dungeon, and saw 2 of its levels.

You collected 98 gold pieces.

Inventory:

Hand Weapons
 a - a +2 hand axe (weapon)
 b - a +0 mace
Armour
 c - a +0 scale mail (worn)
 f - a +0 chain mail
Scrolls
 d - 2 scrolls of blinking
 e - 2 scrolls of identify
Potions
 g - a potion of heal wounds


   Skills:
 + Level 4.5 Fighting
 + Level 0.9 Short Blades
 + Level 0.9 Long Blades
 + Level 4.5 Axes
 + Level 2.6 Maces & Flails
 + Level 0.9 Polearms
 + Level 0.9 Staves
 + Level 0.9 Ranged Weapons
 + Level 0.9 Throwing
 + Level 10.4 Armour
 + Level 0.9 Dodging
 + Level 0.9 Stealth
 + Level 0.9 Shields
 + Level 0.9 Unarmed Combat
 + Level 0.9 Spellcasting
 + Level 0.6 Conjurations
 + Level 0.6 Hexes
 + Level 0.6 Summonings
 + Level 0.6 Necromancy
 + Level 0.6 Translocations
 + Level 0.6 Transmutations
 + Level 0.6 Fire Magic
 + Level 0.6 Ice Magic
 + Level 0.6 Air Magic
 + Level 0.6 Earth Magic
 + Level 0.6 Poison Magic
 + Level 1.0 Invocations
 + Level 0.9 Evocations


You had 3 spell levels left.
You didn't know any spells.
Your spell library contained the following spells:

 Spells                   Type           Power      Damage    Failure   Level
 Freeze                   Ice            4%         1d3       58%         1
 Frozen Ramparts          Ice            2%         1d1       91%         3
 Hailstorm                Conj/Ice       1%         3d3       91%         3


Dungeon Overview and Level Annotations

Branches:
Dungeon (2/15)

Altars:

Shops:
D:1 (   D:2 *

Annotations:
D:2 Terence


Innate Abilities, Weirdness & Mutations

You have very sharp teeth.
Your uncanny sense of smell can sniff out nearby items.
Your experience applies equally to all skills.


Message History

You kill the ball python!
No target in view!
Found 7 stones.
You see here 7 stones.
You now have 98 gold pieces (gained 13).
Found a stone staircase leading down.
No target in view!
Terence the Incautious comes into view.
He is wielding a +2 flail of protection.
Terence shouts!
Terence looks scornfully at you.
Found a pair of boots.
Terence hits you with a +2 flail of protection.
You barely miss Terence. Terence barely misses you.
You hit Terence but do no damage. Your bite misses Terence.
Terence hits you with a +2 flail of protection.
You hit Terence but do no damage.
Terence hits you with a +2 flail of protection.
You hit Terence.
Terence is moderately wounded.
Terence hits you with a +2 flail of protection.
You closely miss Terence.
Terence is moderately wounded.
Terence hits you with a +2 flail of protection!
You are too injured to fight recklessly!
You are too injured to fight recklessly!
You are too injured to fight recklessly!
You barely miss Terence.
Terence is moderately wounded.
Terence hits you with a +2 flail of protection.
You barely miss Terence.
Terence is moderately wounded.
Terence hits you with a +2 flail of protection!
* * * LOW HITPOINT WARNING * * *
You hit Terence.
Terence is severely wounded.
Terence completely misses you.
You hit Terence but do no damage. You bite Terence, but do no damage.
Terence is severely wounded.
Terence hits you with a +2 flail of protection!
You die...

#. #........#.####
#.#.#####.#.#.##.#....#
#.........#.#.##.#.....
##.#.....>...##.#....#
##.####.####.#.#.## #.#
#............ ##.##
######.#.#.## #...#
#....... #.@.#
##...#.#. #.@.#
#........ #...##
#.....#..
........###.....#..
................<...
......... ###..8#.#.#
####...#### #........#
.[... #.8.∩.8.##
####<#.###


You could see Terence.

Vanquished Creatures
  A gnoll (D:1)
  2 dart slugs (D:1)
  5 ball pythons
  4 bats
  2 endoplasms (D:1)
  2 giant cockroaches (D:1)
  2 goblins (D:1)
  A hobgoblin (D:1)
  A quokka (D:1)
  2 frilled lizards (D:1)
  2 kobolds (D:1)
  4 rats (D:1)
28 creatures vanquished.

Notes
Turn   | Place    | Note
-------+----------+-------------------------------------------
     0 | D:1      | Reached skill level 10 in Armour
     0 | D:1      | Almogavar the Gnoll Wanderer began the quest for the Orb.
     0 | D:1      | Almogavar set off with the following items: a +2 hand axe,
                  | a +0 mace, a +0 scale mail, a scroll of blinking.
     0 | D:1      | Reached XP level 1. HP: 20/20 MP: 1/1
    61 | D:1      | Found Hyattakh's Antique Weapon Emporium.
   164 | D:1      | Reached XP level 2. HP: 26/26 MP: 2/2
   516 | D:1      | Reached XP level 3. HP: 29/31 MP: 3/3
   517 | D:1      | Reached skill level 1 in Invocations
   800 | D:2      | Found Vyisoi Doxta's General Store.
   905 | D:2      | Noticed Terence
   917 | D:2      | Slain by Terence

Illustrated notes

Levels and vault maps discovered:
D:1:      elethiomel_arrival_shortcut, layout_basic, serial_shops, shop
D:2:      layout_loops_cross, serial_shops, nicolae_shop_statue_plus,
          uniq_jessica, uniq_terence

Skill      XL: |  1  2  3 |
---------------+----------+-----
Armour         | | 10.4
Invocations    | 1 |  1.0
Fighting       | |  4.5
Short Blades   | |  0.9
Long Blades    | |  0.9
Axes           | |  4.5
Maces & Flails | |  2.6
Polearms       | |  0.9
Staves         | |  0.9
Ranged Weapons | |  0.9
Throwing       | |  0.9
Dodging        | |  0.9
Stealth        | |  0.9
Shields        | |  0.9
Unarmed Combat | |  0.9
Spellcasting   | |  0.9
Conjurations   | |  0.6
Hexes          | |  0.6
Summonings     | |  0.6
Necromancy     | |  0.6
Translocations | |  0.6
Transmutations | |  0.6
Fire Magic     | |  0.6
Ice Magic      | |  0.6
Air Magic      | |  0.6
Earth Magic    | |  0.6
Poison Magic   | |  0.6
Evocations     | |  0.9

Action                     || total
---------------------------++-------
  Melee: Hand axe          ||    67
         Bite              ||     3
    Use: Scroll            ||     3
 Armour: Scale mail        ||    21
  Dodge: Dodged            ||    30
